 Dungeon Crawl Stone Soup version 0.31-a0-204-g7da18cac08 (webtiles) character file.

Game seed: 14061241922410632518

272 lmSkywalker the Grave Robber (level 6, -1/41 HPs)
             Began as a Demonspawn Necromancer on June 27, 2023.
             Slain by an orc wizard
             ... wielding a +0 dagger
              (3 damage)
             ... on level 4 of the Dungeon.
             The game lasted 00:15:58 (3412 turns).

lmSkywalker the Grave Robber (DsNe)                 Turns: 3412, Time: 00:15:59

Health: -1/41      AC:  4    Str:  8    XL:     6   Next: 2%
Magic:  0/11       EV: 12    Int: 18    God:
Gold:   96         SH:  0    Dex: 14    Spells: 4/12 levels left

rFire   . . .        d - +0 dagger
rCold   . . .        (no shield)
rNeg    . . .        a - +0 robe
rPois   .            t - +0 helmet
rElec   .            m - +0 cloak
rCorr   .            (no gloves)
SInv    .            (no boots)
Will    .....        (no amulet)
Stlth   ++           (no ring)
HPRegen 0.26/turn    (no ring)
MPRegen 0.24/turn

%: guardian spirit
@: animating dead (expiring)
A: ignite blood 1, magic shield, magic regeneration
a: no special abilities


You were on level 4 of the Dungeon.
You visited 1 branch of the dungeon, and saw 4 of its levels.

You collected 186 gold pieces.
You spent 90 gold pieces at shops.

Inventory:

Hand Weapons
 d - a +0 dagger (weapon)
 i - a +0 short sword
Missiles
 g - 12 poisoned darts
Armour
 a - a +0 robe (worn)
 m - a +0 cloak (worn)
 n - a +0 ring mail
 q - a +0 leather armour
 t - a +0 helmet (worn)
Jewellery
 p - a ring of see invisible
 v - a ring of protection from cold
Wands
 s - a wand of polymorph (7)
Scrolls
 e - 4 scrolls of identify {unknown}
 f - 2 scrolls of teleportation {unknown}
 r - a scroll of blinking
Potions
 b - 2 potions of magic
 c - a potion of resistance {unknown}
 h - a potion of lignification {unknown}
 j - 2 potions of heal wounds {unknown}
 k - a potion of brilliance {unknown}
 l - 2 potions of curing {unknown}
 o - 2 potions of haste {unknown}
 u - a potion of enlightenment {unknown}


   Skills:
 - Level 2.4 Dodging
 + Level 3.7 Stealth
 + Level 3.5 Spellcasting
 + Level 5.6 Necromancy


You had 4 spell levels left.
You knew the following spells:

 Your Spells              Type           Power      Damage    Failure   Level
a - Necrotise             Necr           92%        1d8       1%          1
b - Vampiric Draining     Necr           23%        2d7       4%          3
c - Animate Dead          Necr           23%        N/A       16%         4

Your spell library contained the following spells:

 Spells                   Type           Power      Damage    Failure   Level
 Lesser Beckoning         Tloc           6%         N/A       24%         2
 Gell's Gravitas          Tloc           3%         N/A       43%         3
 Ozocubu's Armour         Ice            3%         N/A       43%         3
 Teleport Other           Tloc           3%         N/A       43%         3
 Agony                    Necr           23%        N/A       38%         5
 Ozocubu's Refrigeration  Ice            1%         4d7       100%        7


Dungeon Overview and Level Annotations

Branches:
Dungeon (4/15)
 Temple: D:4-7

Altars:
Hepliaklqana
Makhleb

Shops:
D:1 =   D:2 [   D:3 *

Annotations:
D:3 3 runed translucent doors, superbruh's ghost, amateur DEIE


Innate Abilities, Weirdness & Mutations

Your demonic aura sometimes causes spilled blood to erupt in flames.
When hurt, damage is shared between your health and your magic reserves.
You regenerate magic rapidly.


Message History

The orc is heavily wounded.
The orc hits you with a +0 mace.
You hear some strange, mumbled words.
You are confused.
You are too confused!
You bump into the rock wall.
Something closely misses your orc zombie.
You hear some strange, mumbled words.
A puff of flame appears from out of thin air!
The puff of flame hits you. The orc hits you but does no damage.
The orc priest hits your orc zombie with a +0 hand axe.
You miss the orc.
The orc is heavily wounded.
Your orc zombie closely misses the orc.
Something hits your orc zombie. Something hits you but does no damage.
The orc misses you.
The orc priest barely misses your orc zombie.
You closely miss the orc.
The orc is heavily wounded.
Your orc zombie hits the orc.
Something hits your orc zombie. Something hits you.
The orc hits your orc zombie with a +0 mace.
Your orc zombie is destroyed!
You bump into the rock wall.
Your reaping aura is weakening.
The orc hits you with a +0 mace.
You hear some strange, mumbled words.
A puff of flame appears from out of thin air!
The puff of flame hits you!
* * * LOW HITPOINT WARNING * * *
You bump into the rock wall.
The orc hits you with a +0 mace.
* * * LOW HITPOINT WARNING * * *
Something hits you.
* * * LOW HITPOINT WARNING * * *
You hit the orc.
You kill the orc!
You feel less confused.
The orc throws a boomerang.
The boomerang hits you.
* * * LOW HITPOINT WARNING * * *
Something hits you.
You die... #...#.#..##)###...# #.# ..................# #.# #...#.###.######..# #.# ##.##.##.## #.## #.# #.##.#.# #.# #.###### # #.#. #.# #......# ##.##.# #.# #.# ######.# ...##.# ooo

#.# #.# #####.# .8.# #@# #.#
#..# ...(..o){# #.#
#..##..###..#.# #.# ##..#..#
###.#)# #Z#
##.....####8###)#########.#
##....###.....##......Z....#
...................#########
##........#####...##
.......#..# #####


You could see an orc.

Vanquished Creatures
  An orc warrior (D:4)
  An orc priest (D:4)
  5 adders
  An ufetubus (D:4)
  2 worms (D:4)
  A dart slug (D:2)
  7 orcs
  3 bats
  6 endoplasms
  2 giant cockroaches
  5 goblins (D:1)
  7 hobgoblins
  5 jackals
  4 quokkas
  5 ball pythons
  A frilled lizard (D:1)
  8 kobolds
  7 rats
71 creatures vanquished.

Vanquished Creatures (collateral kills)
  A dart slug (D:1)
  An orc (D:4)
  A bat (D:2)
  A kobold (D:1)
  A rat (D:1)
5 creatures vanquished.

Vanquished Creatures (others)
  An orc zombie (D:4)
1 creature vanquished.

Grand Total: 77 creatures vanquished

Notes
Turn   | Place    | Note
-------+----------+-------------------------------------------
     0 | D:1      | lmSkywalker the Demonspawn Necromancer began the quest for
                  | the Orb.
     0 | D:1      | Reached XP level 1. HP: 13/13 MP: 3/3
   131 | D:1      | Gained mutation: Your demonic aura sometimes causes spilled
                  | blood to erupt in flames. [demonic ancestry]
   131 | D:1      | Reached XP level 2. HP: 19/19 MP: 3/5
   458 | D:1      | Found Mituzogre's Jewellery Shop.
   489 | D:1      | Reached XP level 3. HP: 23/24 MP: 2/6
   972 | D:2      | Learned a level 3 spell: Vampiric Draining
  1038 | D:2      | Found Oraehoaq's Armour Emporium.
  1534 | D:2      | Gained mutation: You regenerate magic rapidly. [demonic
                  | ancestry]
  1534 | D:2      | Reached XP level 4. HP: 30/30 MP: 7/7
  1704 | D:3      | Found a runed translucent gate.
  1704 | D:3      | Found a runed translucent gate.
  1706 | D:3      | Found a runed translucent gate.
  1706 | D:3      | Noticed superbruh's ghost (amateur DEIE)
  1808 | D:3      | Found Oduzxapn's General Store.
  1839 | D:3      | Reached skill level 5 in Necromancy
  1845 | D:3      | Bought a scroll of blinking for 90 gold pieces
  2021 | D:3      | Learned a level 4 spell: Animate Dead
  2027 | D:3      | Found a burning altar of Makhleb.
  2594 | D:4      | Found a hazy altar of Hepliaklqana.
  2843 | D:4      | Reached XP level 5. HP: 19/35 MP: 2/9
  3219 | D:4      | Noticed an orc warrior
  3228 | D:4      | Killed an orc warrior
  3229 | D:4      | Gained mutation: When hurt, damage is shared between your
                  | health and your magic reserves. [demonic ancestry]
  3229 | D:4      | Reached XP level 6. HP: 7/41 MP: 1/11
  3412 | D:4      | HP: 2/41 [orc/boomerang (3)]
  3412 | D:4      | Slain by an orc wizard

Illustrated notes

Levels and vault maps discovered:
D:1:      minmay_arrival_floating_metal, layout_rooms, serial_shops, shop,
          minmay_liquid_box
D:2:      layout_loops_ring, serial_shops, nicolae_shop_statue_plus
D:3:      layout_basic, bloody_makhleb, ebering_ghost_rock_garden, serial_shops,
          shop
D:4:      layout_loops_ring, mainiacjoe_overflow_alcove_2,
          guppyfry_early_orc_mine

Skill      XL: |  1  2  3  4 |
---------------+-------------+-----
Dodging        | 2 |  2.4
Stealth        | 2 3 |  3.7
Necromancy     | 5 |  5.6
Spellcasting   | 3 |  3.5

Action                     |  1- 3 |  4- 6 || total
---------------------------+-------+-------++-------
  Melee: Dagger            |    71 |    65 ||   136
   Cast: Necrotise         |    45 |    55 ||   100
         Vampiric Draining |       |     2 ||     2
         Animate Dead      |       |     1 ||     1
   Stab: Sleeping          |     4 |     3 ||     7
 Armour: Robe              |    18 |    21 ||    39
  Dodge: Dodged            |    42 |    44 ||    86

Table legend: (Time is in decaauts)
 A = Elapsed time spent in this place.
 B = Non-inter-level travel time spent in this place.
 C = Inter-level travel time spent in this place.
 D = Time resting spent in this place.
 E = Time spent auto-exploring this place.
 F = Levels seen in this place.
 G = Mean time per level.
                   A        B        C        D        E       F      G
               +--------+--------+--------+--------+--------+-----+--------+
         Total |   3428 |   3290 |    138 |    383 |   1325 |   4 |  857.0 |
       Dungeon |   3428 |   3290 |    138 |    383 |   1325 |   4 |  857.0 |
               +--------+--------+--------+--------+--------+-----+--------+

Top non-repeatable levels by time:
     D:1: 947 daAuts
     D:4: 918 daAuts
     D:3: 887 daAuts
     D:2: 673 daAuts
